 Dungeon Crawl Stone Soup version 0.24.0-123-gd5b16e6ec5 (webtiles) character file.

Game seed: 15818508534450218667, levelgen mode: deterministic

336 Delamore the Cleaver (level 6, -4/51 HPs)
             Began as a Hill Orc Fighter on Dec 29, 2019.
             Slain by an ice beast (10 damage)
             ... on level 4 of the Dungeon.
             The game lasted 00:02:02 (2257 turns).

Delamore the Cleaver (Hill Orc Fighter)             Turns: 2257, Time: 00:02:02

Health: -4/51      AC:  6    Str: 21    XL:     6   Next: 54%
Magic:  6/6        EV:  7    Int:  8    God:
Gold:   158        SH:  9    Dex: 10    Spells: 5/5 levels left

rFire    . . .     SeeInvis .   a - +0 war axe
rCold    . . .     Gourm    .   c - +0 shield
rNeg     . . .     Faith    .   b - +0 scale mail
rPois    .         Spirit   .   (no helmet)
rElec    .         Reflect  .   (no cloak)
rCorr    +         Harm     .   (no gloves)
MR       .....                  (no boots)
Stlth    ..........             (no amulet)
HPRegen  0.17/turn              h - ring of flight
MPRegen  0.10/turn              g - ring of resist corrosion

@: no status effects
A: no striking features
a: Evoke Flight


You were on level 4 of the Dungeon.
You were not hungry.

You visited 1 branch of the dungeon, and saw 4 of its levels.

You collected 158 gold pieces.

Inventory:

Hand Weapons
 a - a +0 war axe (weapon)
Armour
 b - a +0 scale mail (worn)
 c - a +0 shield (worn)
Jewellery
 g - a ring of resist corrosion (right hand)
 h - a ring of flight (left hand)
Scrolls
 e - 7 scrolls of identify {unknown}
 i - a scroll of enchant weapon {unknown}
 j - a scroll of blinking {unknown}
 k - 6 scrolls of remove curse {unknown}
 l - 3 scrolls of enchant armour {unknown}
 n - 2 scrolls of teleportation {unknown}
 o - a scroll of fear {unknown}
 p - 3 scrolls of amnesia {unknown}
 q - 2 scrolls of magic mapping {unknown}
Potions
 d - a potion of might
 m - 2 potions of curing {unknown}
 r - a potion of degeneration {unknown}
 t - 2 potions of resistance {unknown}
 u - a potion of ambrosia {unknown}
Comestibles
 f - 8 rations
 s - 9 chunks of flesh


   Skills:
 - Level 3.6 Fighting
 + Level 8.9 Axes
 - Level 3.2 Armour
 - Level 3.2 Shields


You had 5 spell levels left.
You didn't know any spells.
Your spell library was empty.

Dungeon Overview and Level Annotations

Branches:
Dungeon (4/15)
 Temple: D:4-7

Altars:


Message History

You are too injured to fight recklessly!
An ice beast is nearby!
You are too injured to fight recklessly!
You barely miss the ice beast.
The ice beast is lightly wounded.
The ice beast barely misses you.
The ice beast hits you but does no damage.
You barely miss the ice beast.
The ice beast is lightly wounded.
You block the ice beast's attack.
You closely miss the ice beast.
The ice beast is lightly wounded.
The ice beast hits you. The ice beast freezes you!
* * * LOW HITPOINT WARNING * * *
You closely miss the ice beast.
The ice beast is lightly wounded.
The ice beast hits you.
* * * LOW HITPOINT WARNING * * *
The ice beast freezes you!
You die...

.# +.....# .# #.....# .#
#.....# .# #.....#########
##+###+##.........# ...#
...#.........+
...+....#.........#
...#....#.......Y.#
#..##...#.......@.#+######
#'###...########.........#
............. #.........#
............. #.........#
............. #.........#
...##...########.........#
#####...##.....######....#
....#...#......'....#....#
....'...#......#....'....#


You could see an ice beast.

Vanquished Creatures
  2 orc wizards
  A bullfrog skeleton (D:4)
  An iguana (D:4)
  Terence (D:2)
  A worker ant (D:4)
  A hound skeleton (D:4)
  4 gnolls (D:3)
  3 adders
  An ooze (D:3)
  2 worms (D:3)
  A dart slug (D:1)
  2 leopard geckos
  5 orcs
  4 bats
  4 giant cockroaches
  8 goblins
  6 hobgoblins
  13 jackals
  9 kobolds
  A quokka (D:3)
  3 frilled lizards
  7 rats
80 creatures vanquished.

Notes
Turn   | Place    | Note
-------+----------+-------------------------------------------
     0 | D:1      | Delamore the Hill Orc Fighter began the quest for the Orb.
     0 | D:1      | Reached XP level 1. HP: 19/19 MP: 1/1
     6 | D:1      | Reached skill level 3 in Axes
    38 | D:1      | Reached XP level 2. HP: 26/26 MP: 2/2
   261 | D:1      | Reached skill level 4 in Axes
   652 | D:2      | Reached XP level 3. HP: 21/31 MP: 3/3
   710 | D:2      | Reached skill level 5 in Axes
   804 | D:2      | Noticed Terence
   817 | D:2      | Killed Terence
   817 | D:2      | Reached XP level 4. HP: 32/39 MP: 4/4
  1184 | D:3      | Reached skill level 6 in Axes
  1362 | D:3      | Reached XP level 5. HP: 44/45 MP: 5/5
  1454 | D:3      | Reached skill level 7 in Axes
  2026 | D:4      | Reached skill level 8 in Axes
  2026 | D:4      | Reached XP level 6. HP: 39/51 MP: 6/6
  2246 | D:4      | Noticed an ice beast
  2257 | D:4      | Slain by an ice beast

Levels and vault maps discovered:
D:1:      minmay_arrival_up_and_down, layout_loops_cross
D:2:      layout_loops_ring, first_ration, uniq_terence
D:3:      layout_basic
D:4:      layout_gridville, uniq_natasha

Skill      XL: |  1  2  3  4  5 |
---------------+----------------+-----
Axes           | 3 4 5 6 8 |  8.9
Fighting       | |  3.6
Armour         | |  3.2
Shields        | |  3.2

Action                   |  1- 3 |  4- 6 || total
-------------------------+-------+-------++-------
Melee: War axe           |    75 |   174 ||   249
  Eat: Chunk             |       |     5 ||     5
Armor: Scale mail        |    32 |    62 ||    94
Dodge: Dodged            |    23 |    58 ||    81
Block: Shield            |    36 |    95 ||   131
